 Dungeon Crawl Stone Soup version 0.28.0 (webtiles) character file.

Game seed: 11723145495565723481

163 ragingrage the Chopper (level 5, -5/48 HPs)
             Began as a Minotaur Berserker on Feb 5, 2022.
             Was a Believer of Trog.
             Slain by an orc warrior (17 damage)
             ... on level 3 of the Dungeon.
             The game lasted 00:01:54 (2752 turns).

ragingrage the Chopper (Minotaur Berserker)         Turns: 2752, Time: 00:01:55

Health: -5/48      AC: 11    Str: 24    XL:     5   Next: 20%
Magic:  4/4        EV:  7    Int:  4    God:    Trog [**....]
Gold:   135        SH:  0    Dex: 15    Spells: 4/4 levels left

rFire   . . .      SeeInvis .   a - +0 hand axe
rCold   + . .      Faith    .   (no shield)
rNeg    . . .      Spirit   .   q - +0 plate armour
rPois   .          Reflect  .   (helmet restricted)
rElec   .          Harm     .   (no cloak)
rCorr   .          Rampage  .   (no gloves)
Will    .....                   (no boots)
Stlth   ..........              (no amulet)
HPRegen 0.16/turn               g - +6 ring of dexterity
MPRegen 0.09/turn               o - ring of protection from cold

@: no status effects
A: horns 2, retaliatory headbutt
a: Renounce Religion, Berserk, Trog's Hand


You were on level 3 of the Dungeon.
You worshipped Trog.
Trog was pleased with you.
You visited 1 branch of the dungeon, and saw 4 of its levels.

You collected 135 gold pieces.

Inventory:

Hand Weapons
 a - a +0 hand axe (weapon)
Missiles
 e - 3 poisoned darts (quivered)
Armour
 q - a +0 plate armour (worn)
Jewellery
 g - a +6 ring of dexterity (left hand)
 o - a ring of protection from cold (right hand)
Wands
 l - a wand of charming (5)
 m - a wand of polymorph (6)
Scrolls
 b - a scroll of identify {unknown}
 d - a scroll of enchant weapon {unknown}
 f - a scroll of magic mapping {unknown}
 k - a scroll of amnesia {unknown}
 r - a scroll of fear {unknown}
 s - a scroll of teleportation {unknown}
Potions
 c - 2 potions of curing {unknown}
 h - a potion of heal wounds {unknown}
 i - 2 potions of attraction {unknown}
 j - a potion of brilliance {unknown}
 n - a potion of degeneration {unknown}
 p - a potion of might {unknown}


   Skills:
 + Level 5.0 Fighting
 * Level 6.2 Axes
 - Level 2.4 Armour
 - Level 2.1 Dodging


You had 4 spell levels left.
You didn't know any spells.
Your spell library was empty.

Dungeon Overview and Level Annotations

Branches:
Dungeon (4/15)
 Temple: D:4-7

Altars:

Shops:
D:2 (


Innate Abilities, Weirdness & Mutations

You have a pair of horns on your head.
You reflexively headbutt those who attack you in melee.


Message History

No target in view!
No target in view!
No target in view!
No target in view!
No target in view!
You start resting.
You feel a strong urge to attack something.
You start resting.
You feel your anger nearly subside.
You are no longer berserk.
You are exhausted.
You feel yourself slow down.
An orc warrior comes into view. It is wielding a +0 battleaxe.
An orc warrior is nearby!
An orc warrior is nearby!
An orc warrior is nearby!
An orc warrior is nearby!
An orc warrior is nearby!
The orc warrior shouts!
You hear a shout!
An orc comes into view. It is wielding a +0 hand axe.
An orc wizard comes into view. It is wielding a +0 dagger.
The orc wizard shouts!
There is a stone staircase leading up here.
The orc warrior barely misses you.
You climb upwards.
There is a stone staircase leading down here.
The orc warrior hits you with a +0 battleaxe.
The orc warrior hits you with a +0 battleaxe!
The orc warrior hits you with a +0 battleaxe!!
The orc warrior closely misses you.
You feel yourself speed up.
Okay, then.
Okay, then.
Unknown command.
The orc warrior hits you with a +0 battleaxe!
* * * LOW HITPOINT WARNING * * *
Unknown command.
Unknown command.
You recover from your berserk rage.
The orc warrior hits you with a +0 battleaxe!
You die...

..# #........#
..###.......#########
..#...........##....#
..#.#.........##....###########
.........###..##..............#
...♣♣♣♣♣♣..#...#..............#
.#.♣ ♣♣.##.................# ##.♣
♣♣.####o..............# ##.♣♣
♣..# ##@.............#
#...♣♣♣♣♣.## #..............#
#.........# #..............#
#......#### ##..............#
#......### ##...............###
.......<.#####...##.....######...
#......#..##...#.##.....# ##....
########.........#.....># #.....
#...........#....# #.....


You could see an orc warrior.

Vanquished Creatures
  Terence (D:2)
  A gnoll (D:1)
  5 adders
  A worm (D:2)
  3 dart slugs
  7 orcs
  8 ball pythons
  9 bats
  6 endoplasms
  A giant cockroach (D:1)
  5 goblins
  6 hobgoblins
  3 kobolds
  2 quokkas (D:1)
  3 frilled lizards
  4 rats
65 creatures vanquished.

Notes
Turn   | Place    | Note
-------+----------+-------------------------------------------
     0 | D:1      | ragingrage the Minotaur Berserker began the quest for the
                  | Orb.
     0 | D:1      | Reached XP level 1. HP: 19/19 MP: 0/0
   168 | D:1      | Reached skill level 4 in Axes
   195 | D:1      | Reached XP level 2. HP: 25/27 MP: 1/1
   579 | D:1      | Reached ** piety under Trog
   608 | D:1      | Reached XP level 3. HP: 33/33 MP: 2/2
   682 | D:1      | Reached skill level 5 in Axes
   932 | D:2      | Found Biafabbeypt's Weapon Boutique.
  1298 | D:2      | Reached XP level 4. HP: 41/41 MP: 3/3
  1723 | D:2      | Found a faded altar of an unknown god.
  1878 | D:2      | Noticed Terence
  1886 | D:2      | Killed Terence
  2149 | D:3      | Reached skill level 6 in Axes
  2400 | D:3      | Reached XP level 5. HP: 47/47 MP: 4/4
  2585 | D:3      | Reached skill level 5 in Fighting
  2722 | D:4      | Noticed an orc warrior
  2752 | D:3      | Slain by an orc warrior

Illustrated notes

Levels and vault maps discovered:
D:1:      dpeg_arrival_tiny_f, layout_basic, minmay_tromino_v2
D:2:      layout_basic, serial_shops, nicolae_shop_bloodbath_and_beyond,
          ebering_ecumenical_altar_ruins, fountainhead, grunt_ministairs_1,
          kennysheep_big_empty_room, uniq_terence
D:3:      layout_rooms, nrook_campfire, minmay_liquid_box,
          minmay_misc_feat_more_columns, kennysheep_generic_room_5
D:4:      layout_cave_pods, enter_ossuary_5, abandoned_shop, minivault_23,
          uniq_grinder

Skill      XL: |  1  2  3  4  5 |
---------------+----------------+-----
Axes           | 4 5 6 |  6.2
Fighting       | 4 5 |  5.0
Armour         | |  2.4
Dodging        | |  2.1

Action                   |  1- 3 |  4- 6 || total
-------------------------+-------+-------++-------
Melee: Hand axe          |    80 |    42 ||   122
       Headbutt          |     7 |     3 ||    10
       Punch             |     1 |       ||     1
Invok: Berserk           |     2 |     5 ||     7
Armor: Ring mail         |    35 |     7 ||    42
       Scale mail        |       |     4 ||     4
       Plate armour      |       |     6 ||     6
Dodge: Dodged            |    49 |    32 ||    81
